AoeStats
← DK_Odysseo

Arena

506222573Analyzed
3v3 RM · 20d ago on Sep 12, 2026· 53m 21s· 6 players
Game mode
Random Map
Map size
Normal (6 player)
Population
200
Speed
Normal
Resources
Standard
Victory
Conquest
Starting age
Dark Age
Ending age
Imperial Age
RankedLock teamsTeams togetherTeam positionsShared explorationLock speedFull tech treeHidden civsTurbo modeCheats
Victory
Defeat
1697
+11
🇪🇸 Wei · Spain
1668
+12
🇪🇸 Spanish · Spain
1555
+18
🇺🇸 Slavs · United States
1635
-16
🇺🇸 Turks · United States
1592
-14
🇺🇸 Byzantines · United States
1525
-11
Simbelmynë
11:06 Feudal Age
15:17 Castle Age
13:21 Double-Bit Axe
17:18 Bow Saw
19:55 Fletching
19:48 Elite Skirmisher
20:35 Loom
21:41 Padded Archer Armor
22:43 Bodkin Arrow
24:05 Leather Archer Armor
23:58 Horse Collar
25:55 Wheelbarrow
27:04 Ballistics
26:43 Gold Mining
30:44 Imperial Age
28:46 Hand Cart
28:08 Crossbowman
30:50 Arbalester
31:33 Bracer
32:35 Chemistry
31:59 Thumb Ring
32:01 Heavy Plow
32:43 Ring Archer Armor
33:58 Conscription
35:33 Pikeman
38:03 Squires
39:35 Scale Mail Armor
39:38 Halberdier
41:44 Chain Mail Armor
41:52 Forging
43:58 Plate Mail Armor
44:40 Iron Casting
44:42 Treadmill Crane
44:51 Arson
49:49 Scale Barding Armor
50:25 Hoardings
Gil-galad
11:48 Feudal Age
12:57 Double-Bit Axe
15:28 Castle Age
13:19 Horse Collar
16:04 Forging
23:13 Loom
25:46 Fletching
29:10 Bow Saw
36:43 Wheelbarrow
36:37 Bodkin Arrow
36:48 Gold Mining
37:35 Padded Archer Armor
39:01 Hand Cart
42:28 Imperial Age
40:22 Thumb Ring
40:51 Leather Archer Armor
41:09 Bloodlines
41:00 Husbandry
42:01 Sipahi
43:20 Bracer
43:43 Ballistics
48:40 Scale Barding Armor
49:33 Sipahi
50:01 Chain Barding Armor
50:31 Parthian Tactics
Legolas
11:09 Feudal Age
15:14 Castle Age
13:11 Double-Bit Axe
13:43 Horse Collar
16:09 Bow Saw
19:35 Heavy Plow
21:54 Wheelbarrow
22:20 Gold Mining
22:57 Forging
23:15 Hand Cart
23:45 Scale Mail Armor
24:55 Chain Mail Armor
28:31 Imperial Age
26:41 Iron Casting
26:47 Chain Mail Armor
26:40 Scale Barding Armor
26:46 Bloodlines
26:36 Husbandry
27:02 Husbandry
26:49 Town Watch
27:03 Stone Mining
27:48 Gold Shaft Mining
28:55 Chain Barding Armor
28:36 Cavalier
30:33 Blast Furnace
31:16 Plate Barding Armor
30:45 Loom
30:45 Town Watch
32:24 Conscription
33:15 Light Cavalry
34:09 Pikeman
34:49 Squires
35:05 Chain Mail Armor
35:13 Hussar
36:28 Plate Mail Armor
35:42 Halberdier
37:43 Crop Rotation
38:13 Two-Man Saw
38:33 Druzhina
39:17 Siege Engineers
38:33 Heavy Scorpion
40:09 Ballistics
40:45 Masonry
43:41 Elite Boyar
47:36 Onager
49:14 Siege Onager
51:43 Coinage
DK_Nightclaim
10:43 Feudal Age
14:54 Castle Age
13:30 Double-Bit Axe
14:52 Horse Collar
15:59 Bow Saw
16:01 Loom
20:22 Wheelbarrow
29:05 Imperial Age
27:25 Heavy Plow
28:23 Hand Cart
27:54 Town Watch
28:27 Gold Mining
29:06 Scale Barding Armor
29:12 Forging
30:09 Chain Barding Armor
30:40 Conscription
30:39 Bloodlines
29:49 Cavalier
30:12 Cavalier
30:52 Husbandry
33:29 Plate Barding Armor
35:51 Iron Casting
37:02 Paladin
40:10 Chemistry
39:28 Padded Archer Armor
39:19 Fletching
40:28 Masonry
40:36 Leather Archer Armor
40:50 Elite Skirmisher
42:52 Ring Archer Armor
42:18 Bodkin Arrow
45:08 Ballistics
46:21 Bracer
48:03 Light Cavalry
52:01 Two-Man Saw
53:07 Coinage
52:54 Hussar
DK_Odysseo
11:26 Feudal Age
12:09 Double-Bit Axe
12:06 Horse Collar
16:39 Castle Age
14:37 Town Watch
16:44 Light Cavalry
17:54 Bow Saw
26:56 Wheelbarrow
26:07 Town Watch
26:07 Loom
27:03 Heavy Plow
30:06 Imperial Age
28:20 Bloodlines
28:10 Husbandry
28:50 Fletching
29:37 Bodkin Arrow
29:42 Padded Archer Armor
29:49 Padded Archer Armor
30:15 Ballistics
30:03 Crossbowman
30:48 Bracer
31:05 Leather Archer Armor
31:51 Chemistry
31:15 Gold Mining
31:19 Stone Mining
31:59 Parthian Tactics
31:42 Thumb Ring
31:36 Crossbowman
34:18 Scale Barding Armor
34:43 Ring Archer Armor
35:02 Coinage
34:49 Hand Cart
35:51 Ming Guang Armor
35:47 Conscription
37:29 Elite Tiger Cavalry
40:29 Forging
40:40 Chain Barding Armor
40:21 Tuntian
42:30 Hoardings
43:08 Iron Casting
49:13 Gold Shaft Mining
49:15 Stone Shaft Mining
53:52 Caravan
54:22 Banking
CTM | Lelouch Jogo Bonito
7:17 Loom
9:09 Feudal Age
13:13 Castle Age
12:36 Double-Bit Axe
24:06 Horse Collar
31:12 Pikeman
35:34 Wheelbarrow
39:57 Imperial Age
37:44 Hand Cart
37:39 Squires
37:24 Arson
37:48 Scale Mail Armor
37:58 Forging
39:38 Bow Saw
39:22 Gold Mining
39:48 Chain Mail Armor
40:04 Capped Ram
40:09 Halberdier
42:18 Thumb Ring
43:08 Iron Casting
42:29 Heavy Cavalry Archer
43:35 Parthian Tactics
43:29 Fletching
43:39 Padded Archer Armor
44:09 Conscription
43:50 Marauders
44:15 Siege Ram
45:16 Crossbowman
45:57 Bodkin Arrow
47:03 Blast Furnace
46:58 Bracer
48:01 Chemistry
47:19 Elite Tarkan
48:07 Scale Barding Armor
48:02 Padded Archer Armor
48:51 Bloodlines
48:42 Husbandry
51:46 Leather Archer Armor
51:54 Ballistics
52:43 Chain Barding Armor
54:14 Plate Barding Armor
Connection lost

Rejoining the realm…

Still unreachable

The connection could not be restored.

Session expired

The server has moved on; the page needs a fresh start.